AoeStats
← Unglaublich

African Clearing

510594518Analyzed
3v3 RM · 22h ago on Oct 1, 2026· 69m 51s· 6 players
Game mode
Random Map
Map size
Normal (6 player)
Population
200
Speed
Normal
Resources
Standard
Victory
Conquest
Starting age
Dark Age
Ending age
Imperial Age
RankedLock teamsTeams togetherTeam positionsShared explorationLock speedFull tech treeHidden civsTurbo modeCheats
Victory
Defeat
🇹🇷 Goths · Türkiye
1142
+12
🇹🇷 Vikings · Türkiye
1080
+15
🇹🇷 Cumans · Türkiye
1058
+16
🇫🇷 Huns · France
1101
-16
🇩🇪 Celts · Germany
1096
-16
🇩🇪 Berbers · Germany
974
-11
GAF_Gladiator
5:57 Loom
14:15 Feudal Age
17:59 Castle Age
16:06 Double-Bit Axe
17:12 Fletching
17:24 Padded Archer Armor
17:31 Gold Mining
20:20 Bodkin Arrow
26:28 Horse Collar
29:10 Ballistics
30:12 Thumb Ring
31:07 Bow Saw
34:07 Wheelbarrow
34:23 Heavy Plow
35:29 Bloodlines
35:24 Husbandry
38:14 Hand Cart
39:33 Town Watch
42:22 Leather Archer Armor
42:28 Leather Archer Armor
46:48 Imperial Age
49:57 Imperial Age
50:41 Imperial Age
51:25 Bracer
50:50 Heavy Cavalry Archer
51:55 Parthian Tactics
52:42 Chemistry
52:29 Scale Barding Armor
52:35 Forging
58:06 Masonry
57:52 Murder Holes
59:12 Iron Casting
62:37 Gold Shaft Mining
61:53 Stone Mining
63:05 Two-Man Saw
64:30 Chain Barding Armor
65:11 Blast Furnace
64:52 Atheism
65:35 Light Cavalry
68:52 Hussar
Reju333
12:30 Loom
14:23 Feudal Age
15:57 Gold Mining
16:08 Double-Bit Axe
19:26 Castle Age
18:11 Forging
21:28 Gold Shaft Mining
23:23 Horse Collar
25:25 Heavy Plow
27:14 Wheelbarrow
27:29 Stone Mining
29:41 Hand Cart
30:19 Iron Casting
30:51 Bow Saw
32:59 Scale Mail Armor
35:57 Imperial Age
34:02 Chain Mail Armor
35:58 Stone Shaft Mining
36:34 Elite Woad Raider
38:37 Blast Furnace
40:06 Furor Celtica
40:23 Ballistics
40:36 Plate Mail Armor
41:56 Heavy Scorpion
43:11 Siege Engineers
45:51 Conscription
48:42 Pikeman
54:04 Halberdier
57:55 Chemistry
Unglaublich
16:56 Feudal Age
20:16 Horse Collar
21:44 Double-Bit Axe
23:29 Bloodlines
27:25 Castle Age
27:35 Gold Mining
29:10 Town Watch
29:27 Stone Mining
29:53 Fletching
29:45 Pikeman
31:19 Heavy Plow
32:59 Wheelbarrow
34:51 Padded Archer Armor
36:15 Hand Cart
39:55 Bow Saw
40:03 Leather Archer Armor
41:00 Stone Shaft Mining
41:08 Gold Shaft Mining
47:48 Imperial Age
45:28 Town Patrol
48:54 Conscription
48:13 Heavy Cavalry Archer
48:53 Loom
50:28 Crop Rotation
50:08 Scale Barding Armor
50:39 Husbandry
51:16 Chain Barding Armor
51:49 Bodkin Arrow
52:25 Ring Archer Armor
52:38 Maghrebi Camels
54:09 Bracer
54:10 Scale Mail Armor
54:20 Forging
58:50 Murder Holes
59:14 Chain Mail Armor
61:19 Ballistics
61:38 Plate Barding Armor
61:12 Cavalier
MiRaCLe V
2:59 Loom
13:39 Feudal Age
14:20 Double-Bit Axe
18:23 Wheelbarrow
17:36 Town Watch
23:00 Horse Collar
25:31 Castle Age
25:04 Stone Mining
25:05 Gold Mining
25:57 Scale Barding Armor
26:04 Forging
26:57 Bloodlines
33:01 Bow Saw
32:54 Light Cavalry
34:42 Chain Barding Armor
35:36 Iron Casting
36:46 Gold Shaft Mining
36:37 Heavy Plow
40:06 Imperial Age
37:52 Hand Cart
38:46 Steppe Husbandry
40:32 Fletching
40:42 Padded Archer Armor
40:55 Cuman Mercenaries
41:56 Ballistics
42:38 Chemistry
42:25 Hussar
44:17 Plate Barding Armor
44:43 Blast Furnace
43:38 Bodkin Arrow
45:34 Leather Archer Armor
45:20 Scale Mail Armor
46:14 Crop Rotation
45:36 Elite Kipchak
48:09 Sappers
48:59 Conscription
49:15 Hoardings
48:28 Cavalier
48:28 Elite Steppe Lancer
49:55 Paladin
53:30 Two-Man Saw
57:42 Chain Mail Armor
57:56 Town Patrol
57:23 Capped Ram
58:40 Guilds
59:01 Coinage
65:10 Murder Holes
Stallion
3:17 Loom
13:48 Feudal Age
14:41 Double-Bit Axe
18:11 Wheelbarrow
17:52 Scale Barding Armor
17:59 Forging
17:55 Town Watch
19:38 Bloodlines
28:09 Castle Age
26:41 Man-at-Arms
27:23 Scale Mail Armor
29:01 Pikeman
29:41 Squires
30:11 Long Swordsman
31:34 Light Cavalry
32:11 Horse Collar
35:52 Bow Saw
39:19 Hand Cart
39:57 Chain Mail Armor
40:31 Gold Mining
40:31 Stone Mining
41:20 Iron Casting
41:28 Husbandry
45:29 Imperial Age
45:58 Chain Barding Armor
46:38 Conscription
46:04 Cavalier
46:47 Fletching
51:23 Blast Furnace
50:20 Bodkin Arrow
50:50 Perfusion
50:36 Two-Handed Swordsman
51:21 Anarchy
51:48 Champion
53:35 Heavy Plow
54:41 Halberdier
56:09 Elite Huskarl
Danutzi
5:58 Loom
14:09 Feudal Age
14:37 Double-Bit Axe
15:41 Man-at-Arms
17:12 Scale Mail Armor
17:14 Horse Collar
18:56 Forging
25:12 Castle Age
24:00 Arson
24:07 Fletching
24:33 Gold Mining
24:35 Stone Mining
25:20 Padded Archer Armor
26:45 Bow Saw
26:37 Heavy Plow
27:26 Gold Shaft Mining
26:31 Long Swordsman
28:44 Squires
30:17 Chain Mail Armor
36:48 Imperial Age
35:28 Iron Casting
36:35 Chieftains
37:02 Two-Handed Swordsman
38:30 Bodkin Arrow
39:08 Plate Mail Armor
39:45 Two-Man Saw
39:17 Crop Rotation
38:45 Champion
39:55 Town Watch
40:33 Conscription
41:51 Blast Furnace
41:28 Bodkin Arrow
43:26 Leather Archer Armor
43:54 Bracer
47:32 Ring Archer Armor
54:21 Town Patrol
57:20 Chemistry
56:41 Ballistics
69:00 Murder Holes
Connection lost

Rejoining the realm…

Still unreachable

The connection could not be restored.

Session expired

The server has moved on; the page needs a fresh start.